 Dungeon Crawl Stone Soup version 0.29.0-4-gdea44cf6ec (webtiles) character file.

Game seed: 10127365260173351528

65 qw the Sneak (level 4, 0/28 HPs)
             Began as a Gargoyle Delver on Sept 10, 2022.
             Slain by a hound (1 damage)
             ... on level 5 of the Dungeon.
             The game lasted 00:00:04 (80 turns).

qw the Sneak (Gargoyle Delver)                        Turns: 80, Time: 00:00:05

Health: 0/28       AC:  6    Str: 18    XL:     4   Next: 13%
Magic:  4/4        EV: 11    Int: 10    God:
Gold:   0          SH:  0    Dex: 11    Spells: 3/3 levels left

rFire   . . .      SeeInvis .   a - +0 hand axe
rCold   . . .      Faith    .   (no shield)
rNeg    + . .      Spirit   .   b - +0 leather armour
rPois   inf        Reflect  .   (no helmet)
rElec   +          Harm     .   (no cloak)
rCorr   .          Rampage  .   (no gloves)
Will    .....                   (no boots)
Stlth   +++.......              (no amulet)
HPRegen 0.09/turn               (no ring)
MPRegen 0.09/turn               (no ring)

@: no status effects
A: sickness immunity, AC +3, negative energy resistance 1, electricity
resistance, torment resistance 1, petrification resistance
a: no special abilities


You were on level 5 of the Dungeon.
You visited 1 branch of the dungeon, and saw 1 of its levels.


Innate Abilities, Weirdness & Mutations

You are immune to sickness and miasma.
Your stone body is resilient. (AC +3)
You are immune to poison.
You resist negative energy. (rN+)
You are resistant to electric shocks. (rElec)
You are resistant to unholy torment.
You are immune to petrification.


   Skills:
 - Level 3.2 Fighting
 + Level 3.9 Axes
 - Level 1.5 Dodging
 - Level 5.4 Stealth


You had 3 spell levels left.
You didn't know any spells.
Your spell library was empty.

Inventory:

Hand Weapons
 a - a +0 hand axe (weapon)
Armour
 b - a +0 leather armour (worn)
Wands
 g - a wand of digging (3)
Scrolls
 c - a scroll of fog
 d - a scroll of magic mapping
 e - a scroll of fear
Potions
 f - a potion of haste
 h - a potion of brilliance {unknown}

Dungeon Overview and Level Annotations

Branches:
Dungeon (5/15)
 Temple: D:4-7

Altars:
Fedhas


Message History

You closely miss the orc.
The orc is almost dead.
You closely miss the orc. You hit the hound.
The hound bites you but does no damage. x2; The orc hits you with a +0 club.
The orc closely misses you.
You barely miss the orc.
The orc is almost dead.
You hit the orc. You barely miss the hound. The hound closely misses you.
The orc hits you but does no damage. The hound bites you but does no damage.
You hit the orc.
You kill the orc!
You closely miss the orc. You hit the hound but do no damage.
You closely miss the orc. The hound bites you but does no damage.
The orc hits you with a +0 club. The orc hits you but does no damage.
You closely miss the orc.
The orc is severely wounded.
You barely miss the hound. You hit the orc. The hound bites you.
The orc hits you with a +0 dagger. The orc barely misses you.
The hound closely misses you.
You barely miss the orc. Your punch misses the orc.
The orc is severely wounded.
You hit the orc but do no damage. You closely miss the hound.
The hound bites you but does no damage. The orc hits you but does no damage.
The orc hits you with a +0 club. The hound bites you.
You hit the orc.
You kill the orc!
You hit the orc but do no damage. You hit the hound.
The hound barely misses you. The orc hits you but does no damage.
You barely miss the hound.
The hound is heavily wounded.
You hit the orc. The hound bites you. The orc hits you with a +0 club.
The hound bites you. The orc hits you with a +0 club.
You hit the hound.
The hound is heavily wounded.
You hit the orc but do no damage. The hound bites you.
You die...

#.# .# ."# #. .... .
..##.# #..#. #... . #
#o)####..###.
#.#)@#... ...
#.#.h#.####.###
#......##.....## ..
###....#.......#...
.#####...#.......#..
.............._......
#.######..#.......#
##.#.......#
#.##.....##


You could see a hound and an orc.

Vanquished Creatures
  A hound (D:5)
  An orc priest (D:5)
  3 orcs (D:5)
5 creatures vanquished.

Notes
Turn   | Place    | Note
-------+----------+-------------------------------------------
     0 | D:5      | qw the Gargoyle Delver began the quest for the Orb.
     0 | D:5      | Reached XP level 1. HP: 14/14 MP: 1/1
     0 | D:5      | 0 ||| qw: Version: 0.1-a-116-g5d60599
     0 | D:5      | 0 ||| qw: Game counter: 9190
     0 | D:5      | 0 ||| qw: Always use a shield: true
     0 | D:5      | 0 ||| qw: God list: Okawaru
     0 | D:5      | 0 ||| qw: Allow faded altars: false
     0 | D:5      | 0 ||| qw: Do Orc after D:15 true
     0 | D:5      | 0 ||| qw: Do second Lair branch before Depths: true
     0 | D:5      | 0 ||| qw: Lair rune preference: random
     0 | D:5      | 0 ||| qw: Plans: Normal
     0 | D:5      | 0 ||| PLANNING D:1-11
     3 | D:5      | Found a blossoming altar of Fedhas.
     4 | D:5      | Noticed a hound
    21 | D:5      | Killed a hound
    22 | D:5      | Reached skill level 3 in Axes
    22 | D:5      | Reached XP level 2. HP: 17/19 MP: 2/2
    22 | D:5      | Reached XP level 3. HP: 21/23 MP: 3/3
    58 | D:5      | 58 ||| Stepping ~*~*~tactically~*~*~ (stealth).
    61 | D:5      | 61 ||| Stepping ~*~*~tactically~*~*~ (hiding).
    72 | D:5      | Reached XP level 4. HP: 21/28 MP: 4/4
    77 | D:5      | HP: 7/28 [hound (1)]
    79 | D:5      | HP: 3/28 [hound (1)]
    79 | D:5      | HP: 1/28 [orc/+0 club (2)]
    80 | D:5      | Slain by a hound

Levels and vault maps discovered:
D:5:      layout_basic, old_standard_altar, serial_shops, nicolae_shop_stone,
          grunt_ministairs_4, uniq_ijyb, uniq_menkaure

Skill      XL: |  1 |
---------------+----+-----
Axes           | 3 |  3.9
Fighting       | |  3.2
Dodging        | |  1.5
Stealth        | |  5.4

Action                   |  1- 3 |  4- 6 || total
-------------------------+-------+-------++-------
Melee: Hand axe          |    18 |     9 ||    27
Armor: Leather armour    |    17 |     9 ||    26
Dodge: Dodged            |    27 |     6 ||    33

Table legend:
 A = Non-vault XP
 B = Vault XP
 C = Vault XP percentage of total XP
 D = Non-vault monster count
 E = Vault monster count
 F = Vault count percentage of total count
                 A         B        C        D         E       F
            +---------+---------+-------+---------+---------+-------
      Total |      93 |       0 |   0.0 |       5 |       0 |   0.0
            +---------+---------+-------+---------+---------+-------
        D:5 |      93 |       0 |   0.0 |       5 |       0 |   0.0
            +---------+---------+-------+---------+---------+-------
